 Dungeon Crawl Stone Soup version 0.31.0-12-g77e489cdc1 (webtiles) character file.

Game seed: 109116515869287225

4 Gadfly the Sneak (level 1, 0/9 HPs)
             Began as a Spriggan Enchanter on Feb 16, 2024.
             Frozen to death by an endoplasm (5 damage)
             ... on level 1 of the Dungeon.
             The game lasted 00:00:11 (75 turns).

Gadfly the Sneak (Spriggan Enchanter)                 Turns: 75, Time: 00:00:12

Health: 0/9        AC:  2    Str:  4    XL:     1   Next: 58%
Magic:  5/5        EV: 17    Int: 16    God:
Gold:   0          SH:  0    Dex: 15    Spells: 5/5 levels left

rFire   . . .        a - +1 dagger
rCold   . . .        (no shield)
rNeg    . . .        b - +0 robe
rPois   .            (helmet restricted)
rElec   .            (no cloak)
rCorr   .            (gloves unavailable)
SInv    +            (boots unavailable)
Will    .....        (no amulet)
Stlth   +++          (no ring)
HPRegen 0.21/turn    (no ring)
MPRegen 0.09/turn

%: no passive effects
@: very quick
A: very small, no large weapons, unfitting armour, see invisible, speed 3
a: no special abilities


You were on level 1 of the Dungeon.
You visited 1 branch of the dungeon, and saw 1 of its levels.

Inventory:

Hand Weapons
 a - a +1 dagger (weapon)
Armour
 b - a +0 robe (worn)
Potions
 c - 2 potions of invisibility


   Skills:
 + Level 0.2 Fighting
 + Level 1.2 Short Blades
 + Level 2.8 Dodging
 + Level 4.4 Stealth
 + Level 2.7 Spellcasting
 + Level 3.7 Hexes
 + Level 0.2 Evocations


You had 5 spell levels left.
You didn't know any spells.
Your spell library contained the following spells:

 Spells                   Type           Power      Damage    Failure   Level
 Confusing Touch          Hex            14%        N/A       13%         3
 Tukima's Dance           Hex            14%        N/A       13%         3
 Ensorcelled Hibernation  Hex/Ice        16%        N/A       14%         2
 Dazzling Flash           Conj/Hex       16%        N/A       26%         3


Dungeon Overview and Level Annotations

Branches:
Dungeon (1/15)

Altars:


Innate Abilities, Weirdness & Mutations

You are very small and have problems with some larger weapons.
You are too small for most types of armour.
You have supernaturally acute eyesight. (SInv)
You cover ground extremely quickly. (Speed+++)


Message History

You puncture the ball python!
You kill the ball python!
The jackal barks! x2
The jackal closely misses you.
You closely miss the jackal. The jackal bites you.
An endoplasm comes into view.
You hit the jackal but do no damage. The jackal misses you.
You hit the jackal.
The jackal is moderately wounded.
The bat barely misses you. The jackal closely misses you.
The jackal completely misses you. The jackal barely misses you.
You barely miss the jackal.
The jackal is moderately wounded.
The jackal bites you. x2; The bat barely misses you.
The jackal bites you but does no damage.
The jackal misses you.
You hit the jackal.
The jackal is heavily wounded.
The bat closely misses you.
The jackal bites you but does no damage. x2
The jackal barely misses you.
You closely miss the jackal.
The jackal is heavily wounded.
The bat hits you but does no damage. The jackal misses you. x2
The jackal barely misses you. x2
You hit the jackal.
You kill the jackal!
The bat misses you. The jackal barely misses you.
The jackal completely misses you. The jackal bites you.
You hit the jackal.
The jackal is heavily wounded.
The bat barely misses you. The jackal barely misses you.
The jackal completely misses you. The jackal misses you.
You hit the jackal but do no damage.
The jackal is heavily wounded.
The bat closely misses you. The endoplasm freezes you.
You are frozen.
Ouch! That really hurt!
You die...

# #.#
#...#...#
# #.#
###.'...#
###.#
###...#
#...#
#..##
#.###
##..# .
#.#
##.####
... ..#
#..†.#....
###
#..J......
#.@h......
#.bh....##
#.......#
#.......#
#.......#
#.......#
#########


You could see an endoplasm, 2 jackals and a bat.

Vanquished Creatures
  A ball python (D:1)
  An endoplasm (D:1)
  A jackal (D:1)
  A kobold (D:1)
4 creatures vanquished.

Notes
Turn   | Place    | Note
-------+----------+-------------------------------------------
     0 | D:1      | Gadfly the Spriggan Enchanter began the quest for the Orb.
     0 | D:1      | Reached XP level 1. HP: 9/9 MP: 5/5
    75 | D:1      | Frozen to death by an endoplasm

Illustrated notes

Levels and vault maps discovered:
D:1:      wheals_arrival_linesprint, layout_basic, grunt_decor_junction

Action                     || total
---------------------------++-------
  Melee: Dagger            ||    13
   Stab: Sleeping          ||     2
 Armour: Robe              ||     8
  Dodge: Dodged            ||    22
